 Dungeon Crawl Stone Soup version 0.31.0-11-ge490571c62 (webtiles) character file.

Game seed: 8626176503604865204

48 Buffagor the Changeling (level 3, -12/31 HPs)
             Began as a Naga Shapeshifter on Jan 31, 2024.
             Mangled by a gnoll
             ... wielding a +0 flail
              (13 damage)
             ... on level 2 of the Dungeon.
             The game lasted 00:03:24 (855 turns).

Buffagor the Changeling (Naga Shapeshifter)          Turns: 855, Time: 00:03:24

Health: -12/31     AC:  2    Str: 16    XL:     3   Next: 72%
Magic:  3/3        EV:  9    Int: 10    God:
Gold:   44         SH:  5    Dex: 12    Spells: 2/2 levels left

rFire   . . .        a - +3 dagger
rCold   . . .        (no shield)
rNeg    . . .        k - +0 leather armour
rPois   +            (helmet currently unavailable)
rElec   .            (cloak currently unavailable)
rCorr   .            (gloves currently unavailable)
SInv    +            (no barding)
Will    .....        m - amulet of reflection
Stlth   +            (no ring)
HPRegen 0.25/turn    (no ring)
MPRegen 0.08/turn

%: reflection
@: short of breath, beast-form, very slow
A: beast (slay +2), AC +1, large, see invisible, deformed body, poison
resistance, slowness 2, spit poison 1, naga tail 1
a: Spit Poison, Begin Untransformation


You were on level 2 of the Dungeon.
You were a hulking beast.
You visited 1 branch of the dungeon, and saw 2 of its levels.

You collected 44 gold pieces.

Inventory:

Hand Weapons
 a - a +3 dagger (weapon)
 b - a +2 sling of freezing
Missiles
 i - 12 stones
Armour
 k - a +0 leather armour (worn)
Jewellery
 m - an amulet of reflection (around neck)
Talismans
 c - a beast talisman
 d - a flux talisman
Wands
 n - a wand of light (8)
Scrolls
 e - a scroll of enchant weapon {unknown}
 f - 2 scrolls of fear {unknown}
 g - a scroll of torment {unknown}
 o - 2 scrolls of butterflies {unknown}
Potions
 h - a potion of curing {unknown}
 j - a potion of ambrosia {unknown}
 l - a potion of lignification


   Skills:
 - Level 1.0 Fighting
 - Level 1.5 Dodging
 - Level 3.0 Unarmed Combat
 + Level 4.3 Shapeshifting


You had 2 spell levels left.
You didn't know any spells.
Your spell library contained the following spells:

 Spells                   Type           Power      Damage    Failure   Level
 Shock                    Conj/Air       0%         1d3       43%         1
 Mercury Vapours          Alch/Air       0%         N/A       56%         2
 Mephitic Cloud           Conj/Alch/Air  0%         N/A       80%         3
 Swiftness                Air            0%         N/A       80%         3
 Airstrike                Air            0%         2d(0-16)  99%         4
 Freezing Cloud           Conj/Ice/Air   0%         6-21      100%        5


Dungeon Overview and Level Annotations

Branches:
Dungeon (2/15)

Altars:


Innate Abilities, Weirdness & Mutations

You are a hulking beast.
Your limbs bulge with bestial killing power. (Slay +2)
Your serpentine skin is tough. (AC +1)
You have supernaturally acute eyesight. (SInv)
Armour fits poorly on your strangely shaped body.
Your system is resistant to poisons. (rPois)
You cover ground very slowly.
You can spit poison.
You have a snake-like lower body.


Message History

a - a +3 dagger (weapon)
The gnoll misses you.
You hit the gnoll.
You kill the gnoll!
The gnoll barely misses you.
You hit the gnoll.
The gnoll is heavily wounded.
The gnoll hits you with a +0 flail!
You are too injured to fight recklessly!
You are too injured to fight recklessly!
You are too injured to fight recklessly!
You are too injured to fight recklessly!
You are too injured to fight recklessly!
You are too injured to fight recklessly!
You are too injured to fight recklessly!
You are too injured to fight recklessly!
You are too injured to fight recklessly!
You are too injured to fight recklessly!
You are too injured to fight recklessly!
You are too injured to fight recklessly!
You are too injured to fight recklessly!
Unknown command.
You closely miss the gnoll.
The gnoll is heavily wounded.
The gnoll barely misses you. The gnoll hits you with a +0 flail!
* * * LOW HITPOINT WARNING * * *
You hit the gnoll but do no damage.
The gnoll is heavily wounded.
The gnoll hits you with a +0 flail.
* * * LOW HITPOINT WARNING * * *
You block the gnoll's attack.
Aiming: Spit Poison (2% risk of failure)
Press: ? - help, Shift-Dir - straight line, f - gnoll
Aim: a gnoll, wielding a +0 flail (heavily wounded, 65% to hit)
The splash of poison hits the gnoll.
The gnoll is poisoned.
The gnoll is almost dead.
The gnoll hits you with a +0 flail.
* * * LOW HITPOINT WARNING * * *
The gnoll hits you with a +0 flail!
You die...

.............#
#............#
#.........####
##........#
..........#
..........###
..........>.#########
............'........
...####.....#hg..###
### ..........g..#
..............#
.................
...................
...................
.................
...............


You could see 2 gnolls.

Vanquished Creatures
  A gnoll (D:2)
  An adder (D:2)
  An endoplasm (D:1)
  2 giant cockroaches (D:1)
  4 goblins
  2 hobgoblins (D:1)
  4 quokkas
  2 ball pythons (D:1)
  4 bats (D:1)
  2 frilled lizards (D:1)
  4 kobolds (D:1)
  2 rats
29 creatures vanquished.

Notes
Turn   | Place    | Note
-------+----------+-------------------------------------------
     0 | D:1      | Buffagor the Naga Shapeshifter began the quest for the Orb.
     0 | D:1      | Reached XP level 1. HP: 18/18 MP: 1/1
    75 | D:1      | Reached XP level 2. HP: 21/25 MP: 2/2
   249 | D:1      | Found a faded altar of an unknown god.
   587 | D:1      | Reached XP level 3. HP: 30/31 MP: 3/3
   708 | D:2      | Reached skill level 4 in Shapeshifting
   855 | D:2      | HP: 1/31 [gnoll/+0 flail (5)]
   855 | D:2      | Mangled by a gnoll

Illustrated notes

Levels and vault maps discovered:
D:1:      psy_arrival_statuary, layout_loops_ring,
          nicolae_ecumenical_snake_handling, minmay_pentomino_q4
D:2:      minmay_chambers_of_twos, layout_basic, dreamdust_mushroom_princess

Skill      XL: |  1  2  3 |
---------------+----------+-----
Shapeshifting  | 4 |  4.3
Fighting       | |  1.0
Dodging        | |  1.5
Unarmed Combat | |  3.0

Action                     || total
---------------------------++-------
  Melee: Unarmed           ||    13
         Dagger            ||    19
   Fire: Sling             ||    14
Ability: Spit Poison       ||    18
 Armour: Animal skin       ||     9
         Leather armour    ||    16
  Dodge: Dodged            ||    17
  Block: Other             ||     1
